 Dungeon Crawl Stone Soup version 0.28.0-53-g5a82cb258f (webtiles) character file.

Game seed: 2977720025767550686

1124330 Godmorgon the Conqueror (level 27, -11/273 HPs)
             Began as a Minotaur Fighter on Aug 20, 2022.
             Was the Champion of Zin.
             Killed from afar by a shard shrike (22 damage)
             ... with a shard of ice
             ... while paralysed by a wendigo
             ... on level 7 of Cocytus on Aug 21, 2022.
             The game lasted 14:41:15 (138841 turns).

Godmorgon the Conqueror (Minotaur Fighter)        Turns: 138841, Time: 14:41:16

Health: -11/273    AC: 44    Str: 41    XL:     27
Magic:  31/39      EV:  2    Int: 20    God:    Zin [******]
Gold:   3089       SH:  0    Dex: 27    Spells: 26/26 levels left

rFire   + + .      SeeInvis .   b - +9 great mace (holy)
rCold   + + +      Faith    .   (shield currently unavailable)
rNeg    + + .      Spirit   .   J - +9 gold dragon scales
rPois   ∞          Reflect  .   v - +0 hat of Compression {rElec rN+ Dex+3}
rElec   +          Harm     .   x - +1 cloak {rCorr}
rCorr   +          Rampage  +   u - +1 pair of gloves of Okawaru's Envy {Rampage Will- Int-2 Slay+6}
Will    +....                   n - +0 pair of boots "Heicyiw" {rF+}
Stlth   +.........              q - amulet of Voraohu {rN+ Regen+}
HPRegen 1.35/turn               t - ring of Mistrust {Fly rC+ Int+6}
MPRegen 0.26/turn               Q - ring "Olutsaf" {rC+ EV+4 Str+4}

@: paralysed, vitalised, marked, flying, studying 2 skills, frozen potions
A: horns 2, retaliatory headbutt
}: 12/15 runes: serpentine, barnacled, slimy, silver, iron, obsidian, abyssal,
demonic, glowing, magical, fiery, dark
a: Renounce Religion, Recite, Vitalisation, Imprison, Sanctuary, Donate Gold


You were on level 7 of Cocytus.
You worshipped Zin.
Zin was exalted by your worship.
You visited 16 branches of the dungeon, and saw 78 of its levels.
You visited Pandemonium 5 times, and saw 17 of its levels.
You visited the Abyss 5 times.
You also visited: Sewer, Bailey, Volcano and Wizlab.

You collected 14854 gold pieces.
You spent 2236 gold pieces at shops.
You donated 9529 gold pieces to Zin.

Inventory:

Hand Weapons
 a - a +9 longbow of holy wrath
 b - a +9 great mace of holy wrath (weapon)
 c - the +8 storm bow {elec, penet}
   (You found it on level 5 of the Lair of Beasts)

   Any ammunition fired from it occasionally discharges a powerful burst of
   electricity upon striking a foe.
   Any ammunition fired by it passes through the targets it hits, potentially
   hitting all targets in its path until it reaches maximum range.
 d - a +9 great mace of flaming
Missiles
 e - 42 boomerangs (quivered)
 g - 8 throwing nets
 h - 52 javelins
 O - 26 curare-tipped darts
 S - 46 atropa-tipped darts
 V - 1405 arrows
Armour
 n - the +0 pair of boots "Heicyiw" (worn) {rF+}
   (Okawaru gifted it to you on level 11 of the Dungeon)

   rF:        It protects you from fire.
 o - a +0 cloak of willpower
 u - the +1 pair of gloves of Okawaru's Envy (worn) {Rampage Will- Int-2 Slay+6}
   (Okawaru gifted it to you on level 4 of the Depths)

   Int:       It affects your intelligence (-2).
   Slay:      It affects your accuracy & damage with ranged weapons and melee
   (+6).
   Rampage:   It bestows one free step when moving towards enemies.
   Will:      It decreases your willpower.
 v - the +0 hat of Compression (worn) {rElec rN+ Dex+3}
   (Okawaru gifted it to you on level 4 of the Vaults)

   Dex:       It affects your dexterity (+3).
   rElec:     It insulates you from electricity.
   rN:        It protects you from negative energy.
 x - a +1 cloak of preservation (worn)
 J - +9 gold dragon scales (worn)
Jewellery
 q - the amulet of Voraohu (around neck) {rN+ Regen+}
   (You bought it in a shop on level 2 of the Shoals)

   [amulet of regeneration]

   rN:        It protects you from negative energy.
   Regen:     It increases your rate of health regeneration.
 s - the ring "Damnable Contraption" {rF+ MP+9 AC+4 Dex+5}
   (You found it on level 4 of the Shoals)

   [ring of protection]

   AC:        It affects your AC (+4).
   Dex:       It affects your dexterity (+5).
   rF:        It protects you from fire.
   MP:        It affects your magic capacity (+9).
 t - the ring of Mistrust (left hand) {Fly rC+ Int+6}
   (You took it off a yaktaur captain on level 5 of the Vaults)

   [ring of intelligence]

   Int:       It affects your intelligence (+6).
   rC:        It protects you from cold.
   Fly:       It grants you flight.
 G - the ring of Grace {Dex+7 SInv}
   (You took it off a skeletal warrior on level 3 of the Crypt)

   [ring of see invisible]

   Dex:       It affects your dexterity (+7).
   SInv:      It lets you see invisible.
 P - the amulet "Enem" {Reflect Rampage Will+ SH+5}
   (You found it in Pandemonium)

   [amulet of reflection]

   It reflects blocked missile attacks.
   SH:        It affects your SH (+5).
   Rampage:   It bestows one free step when moving towards enemies.
   Will:      It increases your willpower.
 Q - the ring "Olutsaf" (right hand) {rC+ EV+4 Str+4}
   (You found it in Pandemonium)

   [ring of evasion]

   EV:        It affects your evasion (+4).
   Str:       It affects your strength (+4).
   rC:        It protects you from cold.
 T - the ring of Lodirhi {Will+ Str+6}
   (You found it in Pandemonium)

   [ring of willpower]

   Str:       It affects your strength (+6).
   Will:      It increases your willpower.
 W - the ring "Damnuarch" {rC+ Will+}
   (You found it on level 7 of the Dungeon)

   [ring of protection from cold]

   rC:        It protects you from cold.
   Will:      It increases your willpower.
 X - the amulet "Rixeph" {-Cast rPois Regen+ rCorr Dex+4}
   (You found it on level 11 of the Dungeon)

   [amulet of regeneration]

   Dex:       It affects your dexterity (+4).
   rPois:     It protects you from poison.
   -Cast:     It prevents spellcasting.
   Regen:     It increases your rate of health regeneration.
   rCorr:     It protects you from acid and corrosion.
Wands
 p - a wand of digging (20)
Scrolls
 j - a scroll of blinking
 m - 14 scrolls of fear
 w - 13 scrolls of fog
 y - 10 scrolls of teleportation
 H - 2 scrolls of holy word
 K - 3 scrolls of magic mapping
 M - 4 scrolls of summoning
 R - 8 scrolls of silence
Potions
 i - 9 potions of resistance
 k - 10 potions of heal wounds
 l - 6 potions of cancellation
 z - 2 potions of flight
 A - 5 potions of mutation
 B - 14 potions of curing
 E - 9 potions of might
 F - 7 potions of haste
 I - a potion of magic
 L - 5 potions of ambrosia
 Z - 5 potions of berserk rage
Miscellaneous
 f - a phial of floods
 D - a phantom mirror


   Skills:
 O Level 27 Fighting
 + Level 22.5 Maces & Flails
 + Level 21.1 Bows
 + Level 21.0 Throwing
 O Level 27 Armour
 O Level 27 Dodging
 + Level 18.6 Stealth
 - Level 12.0 Shields
 O Level 27 Invocations
 + Level 19.4 Evocations


You had 26 spell levels left.
You didn't know any spells.
Your spell library was empty.

Dungeon Overview and Level Annotations

Branches:
Dungeon (15/15)            Temple (1/1) D:7            Lair (6/6) D:10
 Shoals (4/4) Lair:3        Snake (4/4) Lair:2        Slime (5/5) Lair:6
    Orc (2/2) D:10            Elf (3/3) Orc:2        Vaults (5/5) D:14
  Crypt (3/3) Vaults:3       Tomb (0/3) Crypt:3      Depths (4/4) D:15
   Hell (visited)             Dis (7/7) Hell            Geh (7/7) Hell
    Coc (7/7) Hell            Tar (0/7) Hell            Zot (4/5) Depths:4
  Sewer (visited)          Bailey (visited)         Volcano (visited)
 WizLab (visited)

Altars:
Ashenzari
Cheibriados
Dithmenos
Elyvilon
Fedhas
Gozag
Hepliaklqana
Kikubaaqudgha
Makhleb
Nemelex Xobeh
Okawaru
Qazlal
Ru
Sif Muna
Trog
Uskayaw
Vehumet
Wu Jian
Xom
Yredelemnul
Zin
The Shining One
Jiyva
Lugonu

Shops:
D:9 (   Orc:2 [=(*   Elf:1 :   Elf:3 !   Shoals:2 =   Snake:4 ([(:   Vaults:1 *
Vaults:2 (   Vaults:3 [   Depths:2 *

Portals:
Hell: Depths:1 Depths:2 Depths:3 Depths:4
Abyss: Depths:3 Depths:4
Pandemonium: Depths:1 Depths:2
Ziggurat: Depths:2

Annotations:
Elf:3 1 exclusion


Innate Abilities, Weirdness & Mutations

You have a pair of horns on your head.
You reflexively headbutt those who attack you in melee.


Message History

Blink to where?
Press: ? - help, Dir - move target A shard shrike and an elemental wellspring come into view.
As you read the scroll of blinking, it crumbles to dust.
An ancient lich comes into view.
A torrent of water rises up through the elemental wellspring!
The torrent of water misses you.
The wave splashes down.
The shard shrike spits a shard of ice at you.
The shard of ice misses you.
Press: ? - help, v - describe, . - travel The open sea.
Okay, then.
Okay, then.
Okay, then.
Blink to where?
Press: ? - help, Dir - move target A wendigo, a shard shrike and a shard shrike simulacrum come into view.
As you read the scroll of blinking, it crumbles to dust.
The shard shrike simulacrum completely misses you.
You furiously retaliate!
You headbutt the shard shrike simulacrum.
The shard shrike simulacrum closely misses you.
Water spirits pour forth from the elemental wellspring!
The shard shrike simulacrum claws you but does no damage.
The ancient lich mumbles some strange words.
The ancient lich flickers and vanishes!
Blink to where?
Press: ? - help, Dir - move target A wendigo and a four-headed hydra simulacrum come into view.
As you read the scroll of blinking, it crumbles to dust.
The wendigo gestures.
The shard shrike simulacrum collapses into a mass of ice!
The mass of ice explodes!
The seracfall engulfs you! You partially resist.
* * * LOW HITPOINT WARNING * * *
The wendigo fires a burst of electricity at you.
The stunning burst hits you. You resist.
You suddenly lose the ability to move!
* * * LOW HITPOINT WARNING * * *
The shard shrike spits a shard of ice at you.
The shard of ice hits you!! You partially resist.
You die...

#######≈≈≈≈≈...
#######§≈≈≈≈...
#######≈≈≈≈≈...
#######b≈≈≈..Z.
#######b☼≈R....
#######≈≈..####
#######≈..##
#######≈..#
#######@..#
#######Z..#
#######≈..#
#######≈≈..#
#######≈≈≈..R
#######≈≈≈....
#######≈≈≈≈....
#######≈≈≈≈...≈


You could see 2 shard shrikes, 2 wendigos, a four-headed hydra simulacrum and a
spriggan defender simulacrum.

Vanquished Creatures
  Cerebov (Pan)
  Asmodeus (Geh:7)
  the Royal Jelly (Slime:5)
  Gloorx Vloq (Pan)
  Mnoleg (Pan)
  Lom Lobon (Pan)
  the Serpent of Hell (Dis:7)
  3 orbs of fire (Zot:2)
  An ancient lich (Vaults:5)
  Dispater (Dis:7)
  Mennas (Crypt:3)
  7 juggernauts
  Sojobo (Vaults:5)
  4 shard shrikes (Coc:4)
  12 caustic shrikes
  A curse toe (Zot:4)
  Margery (Vaults:2)
  Geryon (Hell)
  12 pandemonium lords (Pan)
  8 golden dragons
  3 profane servitors
  Jory (Crypt:1)
  2 bone dragons
  An electric golem (Zot:2)
  4 Tzitzimimeh (Pan)
  13 iron giants
  Jorgrun (D:13)
  14 Brimstone Fiends
  22 tentacled monstrosities
  A tainted leviathan (Geh:6)
  7 hellephants
  7 liches
  8 Hell Sentinels
  A shard shrike skeleton (Crypt:1)
  9 quicksilver dragons
  Asterion (Vaults:2)
  14 Ice Fiends
  13 deep elf blademasters
  Murray (Depths:1)
  30 searing wretches
  12 acid blobs
  17 titans
  11 tentacled starspawn
  5 deep elf master archers
  32 ancient champions
  6 sphinxes
  A kraken (Shoals:2)
  An eldritch tentacle (Pan)
  Polyphemus (Shoals:4)
  27 Executioners
  7 shadow dragons
  4 death cobs
  Agnes (D:14)
  A daeva (Abyss:4)
  7 storm dragons
  Ilsuiw (Shoals:4)
  4 tengu reavers
  6 azure jellies
  7 draconian monks
  6 revenants
  2 nagarajas (Snake:4)
  13 demonspawn warmongers (Pan)
  10 narguns
  A draconian knight (Zot:1)
  42 fire giants
  A fenstrider witch (shapeshifter) (Depths:2)
  26 frost giants
  12 rockslimes
  14 deep elf sorcerers
  45 cacodemons
  5 draconian scorchers
  4 orc warlords
  8 iron dragons
  2 spectral caustic shrikes (WizLab)
  7 quicksilver elementals
  14 vault wardens
  3 deep elf elementalists
  9 ghouls
  A draconian shifter (Zot:2)
  A juggernaut zombie (Crypt:3)
  44 reapers
  53 balrugs
  3 shard shrike simulacra
  2 caustic shrike zombies (WizLab)
  9 ghost moths (Pan)
  14 demonspawn corrupters (Pan)
  4 caustic shrike skeletons
  4 curse skulls
  A draconian stormcaller (Zot:2)
  10 draconian annihilators
  35 war gargoyles
  15 demonspawn blood saints (Pan)
  21 ironbound preservers
  8 quicksilver oozes
  36 stone giants
  10 deep elf demonologists
  The ghost of SushiGirl the Devastator, a journeyman DECj of Vehumet (Elf:2)
  8 ironbound thunderhulks
  38 very ugly things
  12 green draconians
  Nessos (D:15)
  A putrid mouth (Hell)
  20 elemental wellsprings
  6 vampire knights
  A bunyip (Abyss:3)
  9 deep elf annihilators
  An eleionoma (Abyss:3)
  19 demonspawn black suns (Pan)
  12 wendigos
  11 black draconians
  27 lorocyprocas
  3 halazid warlocks (WizLab)
  Azrael (D:14)
  4 dire elephants
  3 entropy weavers
  16 red draconians
  5 yellow draconians
  8 purple draconians
  13 spark wasps
  10 white draconians
  11 eidola
  10 deep elf death magi
  14 merfolk impalers
  A crystal guardian (Vaults:3)
  3 merfolk javelineers
  A mummy priest (Crypt:3)
  2 quicksilver dragon zombies
  37 green deaths
  37 blizzard demons (Pan)
  13 jiangshi
  22 iron golems
  6 deep elf high priests
  14 rakshasas
  13 yaktaur captains
  13 ettins
  7 ice dragons
  A quicksilver dragon skeleton (Abyss:4)
  14 hydras
  8 fire dragons
  15 naga warriors
  Erolcha (Orc:2)
  41 vault guards
  Harold (D:11)
  14 great orbs of eyes
  3 hell beasts (Pan)
  16 salamander tyrants
  3 spriggan air magi
  9 juggernaut simulacra
  3 peacekeepers
  3 ogre magi
  A fenstrider witch zombie (Crypt:3)
  4 merfolk avatars
  10 merfolk aquamancers
  17 centaur warriors
  4 spriggan skeletons
  8 two-headed ogres
  2 catoblepae
  6 satyrs
  8 caustic shrike simulacra
  7 death knights
  10 anacondas
  7 boulder beetles
  29 dancing weapons
  A two-headed ogre (shapeshifter) (Vaults:5)
  2 stokers (Hell)
  A death yak (shapeshifter) (Vaults:5)
  4 deep troll shamans
  17 death yaks
  6 deep troll earth magi
  An alligator snapping turtle (shapeshifter) (Vaults:5)
  7 tengu warriors
  A fenstrider witch skeleton (Hell)
  47 hell hogs
  14 thrashing horrors
  2 titan zombies (Crypt:3)
  Urug (D:13)
  11 naga sharpshooters
  5 spriggan berserkers
  4 vampire magi
  8 shock serpents
  3 orc high priests (Orc:2)
  19 hell knights
  Sonja (D:13)
  17 deep elf knights
  63 soul eaters
  12 crystal echidnas
  5 iron trolls
  A titan skeleton (Vaults:4)
  10 shadow wraiths
  93 sun demons
  9 wretched stars
  A salamander mystic (Depths:3)
  29 skeletal warriors
  A death drake (Abyss:5)
  2 spark wasp zombies (WizLab)
  An anaconda zombie (Crypt:2)
  9 spatial maelstroms
  A bunyip zombie (Crypt:3)
  6 quicksilver dragon simulacra
  29 shadow demons
  52 deep trolls
  10 lindwurms
  5 naga ritualists
  55 sixfirhies
  5 glowing orange brains
  9 flayed ghosts
  18 deep elf archers
  12 sea snakes
  An anaconda skeleton (Pan)
  21 ironbound convokers
  A sphinx zombie (Vaults:4)
  3 spriggan simulacra
  3 shadow dragon zombies
  A harpy (shapeshifter) (D:14)
  17 wizards
  42 deep elf pyromancers
  39 deep elf zephyrmancers
  A frost giant zombie (Vaults:4)
  13 harpies
  11 orc knights
  An obsidian statue (Elf:3)
  A shadow dragon skeleton (Pan)
  10 mana vipers
  14 necromancers
  34 phantasmal warriors
  A draconian zombie (Crypt:3)
  A faun (shapeshifter) (Elf:3)
  A wolf spider zombie (WizLab)
  8 shining eyes
  42 ugly things
  5 orc sorcerers
  3 wolf spiders (Crypt:3)
  22 manticores
  An oklob plant (Lair:6)
  3 spectral spriggans (WizLab)
  A will-o-the-wisp (Abyss:4)
  A human zombie (Crypt:3)
  A salamander (shapeshifter) (D:15)
  16 salamanders
  5 worldbinders
  9 cyclopes
  16 fauns
  10 elephants
  2 stone giant skeletons
  A fire giant skeleton (Depths:2)
  19 moths of wrath
  5 water nymphs
  9 guardian serpents
  34 black mambas
  A frost giant skeleton (Depths:2)
  An apocalypse crab (Abyss:3)
  12 merfolk sirens
  Maurice (D:12)
  4 eyes of devastation
  20 vault sentinels
  4 titan simulacra
  6 rust devils
  49 orange demons
  18 naga magi
  A molten gargoyle (Volcano)
  5 ice statues (Pan)
  10 torpor snails
  A dire elephant skeleton (Crypt:2)
  4 gargoyles
  An emperor scorpion simulacrum (Coc:1)
  61 smoke demons
  53 yaktaurs
  16 cane toads
  3 rime drakes
  A yaktaur (shapeshifter) (Abyss:4)
  A white draconian zombie (Crypt:1)
  15 freezing wraiths
  14 hellions
  11 ice devils
  10 efreet
  46 demonic crawlers
  24 hellwings
  A yaktaur skeleton (Vaults:4)
  A kobold demonologist (D:11)
  13 komodo dragons
  2 unseen horrors
  3 spectral harpies (WizLab)
  22 tormentors
  12 ancient zymes
  4 tengu conjurers
  2 anaconda simulacra
  A golden dragon simulacrum (Coc:5)
  A hydra zombie (Crypt:1)
  8 red devils
  8 trolls
  2 moth of wrath zombies (Crypt:2)
  5 harpy zombies
  2 queen bees (shapeshifter)
  23 merfolk
  9 wind drakes
  9 hornets
  7 dream sheep
  5 tyrant leeches
  Prince Ribbit (Bailey)
  19 blink frogs
  A blink frog (shapeshifter) (D:11)
  11 snapping turtles
  3 harpy skeletons
  14 raiju
  74 slime creatures
  An iron dragon simulacrum (Coc:6)
  23 flying skulls
  78 large abominations
  3 spriggan zombies
  A culicivora (Vaults:3)
  2 vampires
  2 ettin skeletons (Vaults:4)
  12 wraiths
  3 jumping spiders (Crypt:3)
  A satyr skeleton (Crypt:1)
  3 shadows
  A centaur simulacrum (Coc:1)
  3 air elementals
  3 spriggans
  63 ynoxinuls
  A human (shapeshifter) (Elf:1)
  A basilisk (shapeshifter) (Abyss:3)
  24 water elementals
  12 humans
  16 fire bats
  30 yaks
  6 dire elephant simulacra
  3 wyverns
  24 fire elementals
  2 ushabtiu (Crypt:3)
  A golden eye (shapeshifter) (Elf:1)
  19 golden eyes
  3 steam dragons
  A redback (shapeshifter) (Vaults:5)
  9 basilisks
  33 neqoxecs
  4 redbacks (Crypt:3)
  49 chaos spawn
  A yaktaur simulacrum (Vaults:4)
  2 alligator snapping turtle simulacra
  An elf skeleton (Vaults:4)
  7 vampire mosquitoes
  6 wargs
  10 harpy simulacra
  16 spatial vortices
  4 acid dragons
  40 nagas
  A naga skeleton (Pan)
  A hell hound (D:14)
  2 floating eyes (Pan)
  16 water moccasins
  A hydra simulacrum (Coc:2)
  8 ettin simulacra
  A faun skeleton (Crypt:2)
  Pargi (Sewer)
  24 orc warriors
  3 ice beasts
  11 ogres
  A snapping turtle zombie (Crypt:1)
  12 necrophages (Crypt:3)
  34 wolves
  11 centaurs
  A swamp dragon zombie (Crypt:3)
  A boggart (Vaults:1)
  A hog skeleton (Crypt:2)
  A phantom (Crypt:3)
  2 kobold brigands
  24 bullfrogs
  3 earth elementals
  2 wyvern zombies
  3 naga simulacra
  9 wyvern skeletons
  7 scorpions
  2 water moccasin skeletons
  3 killer bees (D:7)
  A wight (D:9)
  4 howler monkeys
  A vampire bat (D:7)
  An electric eel (Elf:2)
  6 lava snakes (Volcano)
  A wolf zombie (Crypt:2)
  6 centaur zombies
  33 starcursed masses
  2 hounds
  5 quasits
  A jelly (Abyss:3)
  Crazy Yiuf (D:3)
  6 orc priests
  An iron imp (Abyss:4)
  5 iguanas
  15 orc wizards
  16 small abominations
  2 naga zombies
  A mummy (Crypt:3)
  A hound skeleton (D:4)
  A howler monkey zombie (D:10)
  8 adders
  A river rat (D:5)
  A shadow imp (D:7)
  2 white imps
  2 ufetubi
  A lava snake zombie (Crypt:1)
  An adder skeleton (Crypt:2)
  A lava snake skeleton (Crypt:2)
  A worm (D:2)
  3 dart slugs (D:1)
  46 orcs
  9 ball pythons
  5 endoplasms
  4 giant cockroaches
  7 goblins
  6 hobgoblins
  9 jackals
  4 quokkas
  23 bats
  4 frilled lizards
  17 kobolds
  7 rats
  2 rat zombies
  3 creeping infernos
  41 fire vortices
  A lurking horror (Abyss:5)
  A pillar of salt (Pan)
  11 starspawn tentacles
  7 tentacles (Shoals:2)
  A withered plant (Crypt:3)
4282 creatures vanquished.

Vanquished Creatures (others)
  An eldritch tentacle (Abyss:5)
  A fire giant (Pan)
  2 shard shrike simulacra (Coc:7)
  A juggernaut zombie (Crypt:3)
  A lorocyproca (Pan)
  A deep elf annihilator (Pan)
  A wendigo (Coc:7)
  A yellow draconian (Zot:1)
  A red draconian (Zot:2)
  4 caustic shrike simulacra
  A deep elf knight (Elf:2)
  A soul eater (Pan)
  A sixfirhy (Abyss:5)
  3 deep elf zephyrmancers
  A naga zombie (Crypt:3)
  A titan simulacrum (Coc:1)
  A molten gargoyle (Volcano)
  A freezing wraith (Coc:2)
  3 anaconda simulacra
  A merfolk (Abyss:3)
  A slime creature (Vaults:1)
  An iron dragon simulacrum (Coc:6)
  A dire elephant simulacrum (Coc:7)
  A naga simulacrum (Coc:7)
  2 hydra simulacra
  2 harpy simulacra (Coc:2)
  A necrophage (Crypt:3)
  3 orcs (Orc:1)
  2 kobolds (D:7)
  8 creeping infernos
  2 foxfires (Abyss:4)
  43 fungi
  3 lurking horrors
  18 pillars of salt
  132 plants
  16 starspawn tentacles
  8 tentacles (Shoals:2)
  25 withered plants (Crypt:3)
297 creatures vanquished.

Grand Total: 4579 creatures vanquished

Notes
Turn   | Place    | Note
-------+----------+-------------------------------------------
     0 | D:1      | Godmorgon the Minotaur Fighter began the quest for the Orb.
     0 | D:1      | Reached XP level 1. HP: 19/19 MP: 0/0
     3 | D:1      | Noticed an electric eel
     4 | D:1      | Noticed an electric eel
   202 | D:1      | Found a faded altar of an unknown god.
   207 | D:1      | Reached XP level 2. HP: 27/27 MP: 1/1
   490 | D:1      | Reached XP level 3. HP: 32/33 MP: 2/2
  1106 | D:2      | Reached skill level 1 in Throwing
  1501 | D:3      | Reached XP level 4. HP: 39/40 MP: 3/3
  1721 | D:3      | Found a blossoming altar of Fedhas.
  1960 | D:3      | Found a runed translucent door.
  1961 | D:3      | Noticed Crazy Yiuf
  2225 | D:3      | Reached XP level 5. HP: 42/47 MP: 4/4
  2533 | D:3      | You fall into a shaft and drop 1 floor!
  2562 | D:4      | Reached skill level 5 in Maces & Flails
  2671 | D:4      | Reached XP level 6. HP: 54/55 MP: 5/5
  2772 | D:4      | Reached skill level 5 in Fighting
  3112 | D:5      | Entered Level 5 of the Dungeon
  3134 | D:5      | Noticed an ice beast
  3141 | D:5      | Killed an ice beast
  3171 | D:5      | Noticed an orc warrior
  3178 | D:5      | Killed an orc warrior
  3185 | D:5      | Reached XP level 7. HP: 26/61 MP: 6/6
  3412 | D:5      | Found a glowing drain.
  3424 | Sewer    | Entered a sewer
  3448 | Sewer    | Noticed Pargi
  3462 | Sewer    | Killed Pargi
  3654 | D:5      | Reached skill level 5 in Throwing
  4171 | D:5      | Reached XP level 8. HP: 67/70 MP: 7/7
  5392 | D:7      | Found a staircase to the Ecumenical Temple.
  5401 | Temple   | Entered the Ecumenical Temple
  5515 | Temple   | Became a worshipper of Warmaster Okawaru
  5619 | D:3      | Identified the ring "Enydwex" {rF+ MP+9}
  5829 | D:3      | Killed Crazy Yiuf
  6105 | D:7      | Reached skill level 10 in Maces & Flails
  6105 | D:7      | Reached XP level 9. HP: 67/80 MP: 8/8
  6121 | D:7      | Reached * piety under Okawaru
  6138 | D:7      | Reached skill level 1 in Invocations
  6342 | D:7      | Reached skill level 1 in Dodging
  6582 | D:7      | Identified the ring "Damnuarch" {rC+ Will+}
  6610 | D:7      | Reached ** piety under Okawaru
  6623 | D:7      | Found an ancient bone altar of Kikubaaqudgha.
  7549 | D:8      | Reached skill level 5 in Armour
  7657 | D:8      | Reached skill level 5 in Shields
  7858 | D:8      | Reached XP level 10. HP: 57/90 MP: 9/11
  8357 | D:8      | Reached *** piety under Okawaru
  8711 | D:9      | Found a flagged portal.
  8721 | Bailey   | Entered a bailey
  8909 | Bailey   | Reached **** piety under Okawaru
  8919 | Bailey   | Noticed a vault guard
  8919 | Bailey   | Noticed Prince Ribbit
  8931 | Bailey   | Killed Prince Ribbit
  8932 | Bailey   | Reached skill level 5 in Invocations
  8948 | Bailey   | Killed a vault guard
  9208 | Bailey   | Noticed a vault guard
  9222 | Bailey   | Killed a vault guard
  9222 | Bailey   | Received a gift from Okawaru
  9298 | Bailey   | Received a gift from Okawaru
  9783 | D:9      | Found Hahucway's Hydra Hut.
  9784 | D:9      | Noticed a five-headed hydra
  9937 | D:9      | Found a sacrificial altar of Ru.
 10069 | D:9      | Noticed a skeletal warrior
 10086 | D:9      | Killed a skeletal warrior
 10086 | D:9      | Reached ***** piety under Okawaru
 10086 | D:9      | Identified the +10 halberd "Hoguthek" {freeze, rElec rPois
                  | rCorr} (Okawaru gifted it to you on level 9 of the Dungeon)
 10086 | D:9      | Received a gift from Okawaru
 10087 | D:9      | Reached XP level 11. HP: 97/97 MP: 14/14
 10091 | D:9      | Noticed a skeletal warrior
 10091 | D:9      | Noticed a skeletal warrior
 10097 | D:9      | Noticed a skeletal warrior
 10097 | D:9      | Noticed a skeletal warrior
 10124 | D:9      | Killed a skeletal warrior
 10143 | D:9      | Killed a skeletal warrior
 10144 | D:9      | Reached skill level 5 in Dodging
 10458 | D:9      | Killed a skeletal warrior
 10473 | D:9      | Killed a skeletal warrior
 10872 | D:10     | Entered Level 10 of the Dungeon
 10935 | D:10     | Found a staircase to the Orcish Mines.
 10998 | D:10     | Received a gift from Okawaru
 11093 | D:10     | Reached skill level 10 in Fighting
 11200 | D:10     | Noticed a centaur warrior
 11209 | D:10     | Killed a centaur warrior
 11314 | D:10     | Found a staircase to the Lair.
 11758 | D:10     | Found a sparkling altar of Nemelex Xobeh.
 11877 | Lair:1   | Entered Level 1 of the Lair of Beasts
 11918 | Lair:1   | Received a gift from Okawaru
 11920 | Lair:1   | Noticed an eight-headed hydra
 11926 | Lair:1   | Killed an eight-headed hydra
 11948 | Lair:1   | Identified the +1 troll leather armour of Okawaru's Esteem
                  | {rF+ Regen+ rCorr Int+2} (Okawaru gifted it to you on level
                  | 1 of the Lair of Beasts)
 11948 | Lair:1   | Received a gift from Okawaru
 12460 | Lair:1   | Reached XP level 12. HP: 54/108 MP: 15/17
 13485 | Lair:2   | Found a staircase to the Snake Pit.
 13486 | Lair:2   | Noticed an eight-headed hydra
 13497 | Lair:2   | Killed an eight-headed hydra
 13700 | Lair:2   | Reached skill level 15 in Maces & Flails
 13814 | Lair:2   | Noticed a death yak
 13814 | Lair:2   | Noticed a death yak
 13815 | Lair:2   | Noticed a death yak
 13818 | Lair:2   | Noticed a death yak
 13820 | Lair:2   | Noticed a death yak
 13830 | Lair:2   | Noticed a death yak
 13843 | Lair:2   | Killed a death yak
 13846 | Lair:2   | Received a gift from Okawaru
 13848 | Lair:2   | Killed a death yak
 13849 | Lair:2   | Killed a death yak
 13850 | Lair:2   | Reached skill level 10 in Invocations
 13850 | Lair:2   | Killed a death yak
 13851 | Lair:2   | Killed a death yak
 13856 | Lair:2   | Killed a death yak
 14099 | Lair:2   | Noticed a seven-headed hydra
 14107 | Lair:2   | Killed a seven-headed hydra
 14119 | Lair:2   | Noticed a seven-headed hydra
 14124 | Lair:2   | Killed a seven-headed hydra
 14131 | Lair:2   | Received a gift from Okawaru
 14132 | Lair:2   | Reached skill level 10 in Armour
 14382 | Lair:2   | Reached XP level 13. HP: 107/118 MP: 19/19
 14454 | Lair:2   | Reached skill level 1 in Evocations
 15411 | Lair:3   | Found a staircase to the Shoals.
 15717 | Lair:3   | Received a gift from Okawaru
 16032 | Lair:4   | Identified the +9 long sword of the Tundras {venom, rPois
                  | MP+9 Str+9 Stlth-}
 16088 | Lair:4   | Found a dark tunnel.
 16241 | Volcano  | Entered a volcano
 16307 | Volcano  | Reached ****** piety under Okawaru
 16307 | Volcano  | Received a gift from Okawaru
 16750 | Volcano  | Found a bloodstained altar of Trog.
 16773 | Volcano  | Noticed a fire dragon
 16791 | Volcano  | Killed a fire dragon
 17030 | Lair:4   | Received a gift from Okawaru
 17536 | Lair:4   | Received a gift from Okawaru
 18692 | Lair:5   | Received a gift from Okawaru
 18802 | Lair:5   | Found the +8 storm bow {elec, penet}
 19344 | Lair:6   | Entered Level 6 of the Lair of Beasts
 19482 | Lair:6   | Reached XP level 14. HP: 104/129 MP: 21/21
 20098 | Lair:6   | Found a viscous altar of Jiyva.
 20098 | Lair:6   | Found a staircase to the Slime Pits.
 20335 | Lair:6   | Identified the +2 cloak of Forking Paths {-Tele rPois rF+++
                  | Dex+3}
 20627 | Lair:6   | Received a gift from Okawaru
 21059 | Lair:6   | Reached skill level 5 in Evocations
 21806 | Lair:6   | Found a runed translucent door.
 23773 | D:11     | Found a runed translucent door.
 23776 | D:11     | Found a runed translucent door.
 23777 | D:11     | Found a runed translucent door.
 23817 | D:11     | Noticed Harold
 23829 | D:11     | Killed Harold
 24177 | D:11     | Received a gift from Okawaru
 24204 | D:11     | Identified the +0 pair of boots "Heicyiw" {rF+} (Okawaru
                  | gifted it to you on level 11 of the Dungeon)
 24204 | D:11     | Received a gift from Okawaru
 24238 | D:11     | Reached XP level 15. HP: 70/139 MP: 19/23
 24962 | D:11     | Identified the ring of Relativism {Drain Will+ Str+5}
 25130 | D:11     | Identified the amulet of Awe {RegenMP *Slow rElec rN+
                  | Will++}
 25801 | D:11     | Identified the amulet of the Endless Expanse {Faith -Tele
                  | rPois rF+ Regen+}
 25810 | D:11     | Identified the amulet "Rixeph" {-Cast rPois Regen+ rCorr
                  | Dex+4}
 26542 | D:12     | Received a gift from Okawaru
 26674 | D:12     | Noticed Maurice
 26700 | D:12     | Killed Maurice
 27052 | D:13     | Identified the +4 shortbow "Rorul" {flame, rPois MP+9 Str+6
                  | Dex-3} (Okawaru gifted it to you on level 13 of the
                  | Dungeon)
 27052 | D:13     | Received a gift from Okawaru
 27496 | D:13     | Noticed Urug
 27509 | D:13     | Killed Urug
 27570 | D:13     | Noticed Sonja
 27587 | D:13     | Killed Sonja
 27588 | D:13     | Noticed Jorgrun
 27601 | D:13     | Killed Jorgrun
 27602 | D:13     | Reached skill level 15 in Fighting
 27602 | D:13     | Reached skill level 10 in Dodging
 28289 | D:14     | Noticed Azrael
 28322 | D:14     | Killed Azrael
 28478 | D:14     | Noticed Agnes
 28496 | D:14     | Killed Agnes
 28521 | D:14     | Received a gift from Okawaru
 28741 | D:14     | Found a gate to the Vaults.
 28935 | D:14     | Found an opulent altar of Gozag.
 28952 | D:14     | Reached skill level 10 in Throwing
 29021 | D:15     | Entered Level 15 of the Dungeon
 29093 | D:15     | Found a staircase to the Depths.
 29093 | D:15     | Noticed a fire giant
 29475 | D:15     | Killed a fire giant
 30111 | D:15     | Received a gift from Okawaru
 30180 | D:15     | Noticed Nessos
 30203 | D:15     | Killed Nessos
 30204 | D:15     | Reached XP level 16. HP: 126/150 MP: 22/24
 30598 | Orc:1    | Entered Level 1 of the Orcish Mines
 30734 | Orc:1    | Received a gift from Okawaru
 30939 | Orc:1    | You fall into a shaft and drop 1 floor!
 30939 | Orc:2    | Entered Level 2 of the Orcish Mines
 30945 | Orc:2    | Found a staircase to the Elven Halls.
 31735 | Orc:2    | Found Cataw's Antique Armour Emporium.
 31750 | Orc:2    | Noticed Erolcha
 31764 | Orc:2    | Killed Erolcha
 32403 | Orc:2    | Received a gift from Okawaru
 32457 | Orc:2    | Found Batiasih's Antique Weapon Shoppe.
 32540 | Orc:2    | Found Foisim's Jewellery Emporium.
 32560 | Orc:2    | Received a gift from Okawaru
 32669 | Orc:2    | Found Gowkoyzo's General Store.
 32677 | Orc:2    | Bought a scroll of blinking for 120 gold pieces
 32868 | Orc:2    | Bought a +4 ring of slaying for 1170 gold pieces
 33111 | Snake:1  | Entered Level 1 of the Snake Pit
 33381 | Snake:1  | Received a gift from Okawaru
 33880 | Snake:1  | Identified the +5 hand crossbow "Demon's Funeral" {penet,
                  | rCorr} (Okawaru gifted it to you on level 1 of the Snake
                  | Pit)
 33880 | Snake:1  | Received a gift from Okawaru
 33887 | Snake:1  | Reached skill level 15 in Armour
 36153 | Snake:2  | Received a gift from Okawaru
 37496 | Snake:2  | Received a gift from Okawaru
 38902 | Snake:3  | Reached XP level 17. HP: 148/162 MP: 27/27
 38978 | Snake:3  | Received a gift from Okawaru
 40444 | Snake:4  | Entered Level 4 of the Snake Pit
 40444 | Snake:4  | Found Famaesch's Antique Armour Shop.
 40444 | Snake:4  | Found Wish's Weapon Emporium.
 40484 | Snake:4  | Bought a +0 morningstar of holy wrath for 156 gold pieces
 40888 | Snake:4  | Identified the +10 ring mail of Fashionability {rPois rF+
                  | rN+ SInv}
 40981 | Snake:4  | Found Lyhutt's Weapon Shoppe.
 40996 | Snake:4  | Found Agir's Book Shoppe.
 41532 | Snake:4  | Reached skill level 15 in Invocations
 42444 | Snake:4  | Received a gift from Okawaru
 43369 | Snake:4  | Received a gift from Okawaru
 43476 | Snake:4  | Received a gift from Okawaru
 43576 | Snake:4  | Noticed a quicksilver dragon
 43584 | Snake:4  | Reached skill level 10 in Shields
 43649 | Snake:4  | Noticed a quicksilver dragon
 43652 | Snake:4  | Killed a quicksilver dragon
 43942 | Snake:4  | Killed a quicksilver dragon
 44124 | Snake:4  | Got a serpentine rune of Zot
 44759 | Elf:1    | Entered Level 1 of the Elven Halls
 45363 | Elf:1    | Found Vusump's Book Boutique.
 45489 | Elf:2    | Received a gift from Okawaru
 45527 | Elf:2    | Found a huge runed translucent gate.
 45528 | Elf:2    | Found a huge runed translucent gate.
 45529 | Elf:2    | Found a huge runed translucent gate.
 45530 | Elf:2    | Found a huge runed translucent gate.
 45530 | Elf:2    | Found a huge runed translucent gate.
 45723 | Elf:2    | Noticed a deep elf blademaster
 45739 | Elf:2    | Killed a deep elf blademaster
 45755 | Elf:2    | Received a gift from Okawaru
 46389 | Elf:2    | Paralysed by an air elemental for 1 turns
 46456 | Elf:2    | Received a gift from Okawaru
 46457 | Elf:2    | Reached XP level 18. HP: 140/173 MP: 26/28
 47274 | Shoals:1 | Entered Level 1 of the Shoals
 47430 | Shoals:1 | Identified the +1 leather armour of Daghugel {Rampage}
 48018 | Shoals:2 | Received a gift from Okawaru
 49324 | Shoals:2 | Identified the +1 ring mail of Sloth {MP+9 Slay+3}
 49894 | Shoals:2 | Found Caups's Jewellery Shop.
 50543 | Shoals:3 | Identified the +5 swamp dragon scales of Heresy {-Cast
                  | rPois Regen+ Str-3 Stlth+}
 52310 | Shoals:4 | Entered Level 4 of the Shoals
 52352 | Shoals:4 | Received a gift from Okawaru
 52540 | Shoals:4 | Noticed Ilsuiw
 52761 | Shoals:4 | Killed Ilsuiw
 53215 | Shoals:4 | Identified the ring "Damnable Contraption" {rF+ MP+9 AC+4
                  | Dex+5}
 53826 | Shoals:4 | Noticed Polyphemus
 53967 | Shoals:4 | Received a gift from Okawaru
 54102 | Shoals:4 | Reached XP level 19. HP: 60/183 MP: 30/30
 54790 | Shoals:4 | Killed Polyphemus
 54820 | Shoals:4 | Received a gift from Okawaru
 55209 | Shoals:4 | Identified the +7 trident "Vuha" {flame, Will+}
 55270 | Shoals:4 | Received a gift from Okawaru
 55342 | Shoals:4 | Got a barnacled rune of Zot
 57742 | Elf:1    | Reached skill level 1 in Bows
 57762 | Elf:1    | Paralysed by an air elemental for 1 turns
 57769 | Elf:1    | Paralysed by an air elemental for 1 turns
 57987 | Elf:1    | Received a gift from Okawaru
 58185 | Elf:1    | Received a gift from Okawaru
 58397 | Elf:1    | Paralysed by an air elemental for 1 turns
 58719 | Elf:2    | Identified the +5 scale mail of Dishonour {Contam rF++
                  | Str+3 Int+8} (Okawaru gifted it to you on level 2 of the
                  | Elven Halls)
 58719 | Elf:2    | Received a gift from Okawaru
 58836 | Elf:2    | Reached skill level 5 in Bows
 58863 | Elf:2    | Cast into level 3 of the Abyss (+4 mace of distortion)
 58877 | Elf:2    | Escaped the Abyss
 58886 | Elf:2    | Reached skill level 15 in Dodging
 59918 | Elf:3    | Entered Level 3 of the Elven Halls
 60154 | Elf:3    | Found a runed translucent gate.
 60158 | Elf:3    | Found a runed translucent gate.
 60158 | Elf:3    | Found an opulent altar of Gozag.
 60162 | Elf:3    | Found a runed translucent gate.
 60164 | Elf:3    | Noticed SushiGirl's ghost (journeyman DECj)
 61005 | Elf:3    | Found Dixis's Distillery.
 61020 | Elf:3    | Bought a potion of resistance for 170 gold pieces
 61020 | Elf:3    | Bought a potion of heal wounds for 85 gold pieces
 61452 | Elf:2    | Killed SushiGirl's ghost
 62067 | Elf:3    | Received a gift from Okawaru
 62521 | Elf:3    | Identified the ring "Ifusa" {rC+ rCorr MP+9 Int-5}
 62636 | Elf:3    | Received a gift from Okawaru
 62828 | Elf:3    | Received a gift from Okawaru
 62986 | Elf:3    | Gained mutation: You are dopey. (Int -2) [a neqoxec]
 63053 | Elf:3    | Reached skill level 10 in Bows
 63055 | Elf:3    | Reached XP level 20. HP: 193/193 MP: 31/31
 63156 | Elf:3    | Received a gift from Okawaru
 63408 | Elf:3    | Identified the ring "Yqagith" {Will+ Int+2}
 63873 | Elf:3    | Received a gift from Okawaru
 64319 | Elf:3    | Found the ring of Shadows {Umbra +Inv Stlth+}
 64336 | Elf:3    | Identified the ring of Osazos {Contam Fly rN+ rCorr Str-2}
 64769 | Vaults:1 | Entered Level 1 of the Vaults
 66203 | Vaults:1 | Received a gift from Okawaru
 66286 | Vaults:1 | Found Iluol's Assorted Antiques.
 67576 | Vaults:2 | Noticed Asterion
 67771 | Vaults:2 | Killed Asterion
 67836 | Vaults:2 | Received a gift from Okawaru
 68141 | Vaults:2 | Received a gift from Okawaru
 68260 | Vaults:2 | Received a gift from Okawaru
 68338 | Vaults:2 | Reached skill level 15 in Bows
 68469 | Vaults:2 | Noticed Margery
 68480 | Vaults:2 | Received a gift from Okawaru
 68488 | Vaults:2 | Killed Margery
 68630 | Vaults:2 | Found Sucwec's Weapon Emporium.
 69129 | Vaults:2 | Received a gift from Okawaru
 69756 | Vaults:3 | Found Xenoimuilu's Antique Armour Emporium.
 69792 | Vaults:3 | Found a staircase to the Crypt.
 69877 | Vaults:3 | Received a gift from Okawaru
 69878 | Vaults:3 | Reached XP level 21. HP: 198/200 MP: 32/32
 70122 | Vaults:3 | Received a gift from Okawaru
 70279 | Vaults:3 | Received a gift from Okawaru
 71354 | Vaults:4 | Identified the +0 hat of Compression {rElec rN+ Dex+3}
                  | (Okawaru gifted it to you on level 4 of the Vaults)
 71354 | Vaults:4 | Received a gift from Okawaru
 71651 | Vaults:4 | Identified the +1 chain mail "Hexedes" {rElec}
 72704 | Vaults:4 | Received a gift from Okawaru
 73330 | Vaults:5 | Entered Level 5 of the Vaults
 73345 | Vaults:4 | Received a gift from Okawaru
 73542 | Vaults:4 | Identified the +2 hat "Posaa" {rPois} (Okawaru gifted it to
                  | you on level 4 of the Vaults)
 73542 | Vaults:4 | Received a gift from Okawaru
 74746 | Vaults:5 | Reached XP level 22. HP: 184/209 MP: 26/33
 75480 | Vaults:5 | Noticed a golden dragon
 75483 | Vaults:5 | Identified the +11 longbow of Sharkskin {freeze, rN+++
                  | Int-5 Dex+5 Stlth-}
 75933 | Vaults:5 | Identified the ring of Mistrust {Fly rC+ Int+6}
 75974 | Vaults:5 | Killed a golden dragon
 75997 | Vaults:5 | Noticed an ancient lich
 76005 | Vaults:5 | Killed an ancient lich
 76383 | Vaults:5 | Noticed Sojobo
 76402 | Vaults:5 | Killed Sojobo
 76630 | Vaults:5 | Received a gift from Okawaru
 76791 | Vaults:5 | Noticed a golden dragon
 76802 | Vaults:5 | Killed a golden dragon
 77491 | Vaults:5 | Received a gift from Okawaru
 77696 | Vaults:5 | Identified the +1 hat "Zimuwn" {rElec Dex+4} (Okawaru
                  | gifted it to you on level 5 of the Vaults)
 77696 | Vaults:5 | Received a gift from Okawaru
 78115 | Vaults:5 | Got a silver rune of Zot
 78608 | D:10     | Identified 2 scrolls of acquirement
 78613 | D:10     | Acquired a +0 cloak of willpower
 78615 | D:10     | Acquired a manual of Evocations
 78780 | Depths:1 | Entered Level 1 of the Depths
 78796 | Depths:1 | Found a gateway to Hell.
 78823 | Depths:1 | Found a magical portal.
 78831 | Depths:1 | Acquired a manual of Throwing
 78835 | WizLab   | Entered Borgnjor's Mausoleum
 79434 | WizLab   | Reached XP level 23. HP: 98/204 MP: 34/34
 80745 | Depths:1 | Noticed a juggernaut
 80763 | Depths:1 | Killed a juggernaut
 80895 | Depths:1 | Received a gift from Okawaru
 81324 | Depths:1 | Found a one-way gate leading to the halls of Pandemonium.
 81336 | Depths:1 | Received a gift from Okawaru
 81426 | Depths:1 | You fall into a shaft and drop 1 floor!
 81426 | Depths:2 | Found a one-way gateway to a ziggurat.
 81945 | Depths:1 | Received a gift from Okawaru
 82300 | Depths:2 | Found Nirrinorphu's Demolitions Depot.
 82335 | Depths:2 | Found a hide-covered altar of Uskayaw.
 82431 | Depths:2 | Received a gift from Okawaru
 82693 | Depths:2 | Received a gift from Okawaru
 82844 | Depths:2 | Reached skill level 15 in Throwing
 82911 | Depths:2 | Identified the +7 morningstar of the Eight Beasts {vorpal,
                  | Str+4 Stlth+}
 82911 | Depths:2 | Identified the +6 fustibalus of Bread {venom, rN+}
 83142 | Depths:2 | Received a gift from Okawaru
 83148 | Depths:2 | Found a snail-covered altar of Cheibriados.
 83520 | Depths:3 | Found a blossoming altar of Fedhas.
 83608 | Depths:3 | Received a gift from Okawaru
 83752 | Depths:3 | Found a hazy altar of Hepliaklqana.
 83889 | Depths:3 | Found a corrupted altar of Lugonu.
 83891 | Depths:3 | Found a one-way gate to the infinite horrors of the Abyss.
 83919 | Depths:3 | Received a gift from Okawaru
 84084 | Depths:3 | Reached skill level 10 in Evocations
 84480 | Depths:3 | Identified the +1 hat of Tomorrow {rF+ rC+++ Int+2 Dex-3}
 84522 | Depths:3 | Received a gift from Okawaru
 85004 | Depths:4 | Entered Level 4 of the Depths
 85065 | Depths:4 | Reached XP level 24. HP: 233/233 MP: 35/35
 85112 | Depths:4 | Identified the +1 pair of gloves of Okawaru's Envy {Rampage
                  | Will- Int-2 Slay+6} (Okawaru gifted it to you on level 4 of
                  | the Depths)
 85112 | Depths:4 | Received a gift from Okawaru
 85440 | Depths:4 | Paralysed by a vampire knight for 2 turns
 85669 | Depths:4 | Found a gate to the Realm of Zot.
 86349 | Zot:1    | Entered Level 1 of the Realm of Zot
 86370 | Zot:1    | Received a gift from Okawaru
 88058 | Zot:2    | Identified the +1 robe of Ewiocofa {-Cast rElec rF+ Str+5}
                  | (Okawaru gifted it to you on level 2 of the Realm of Zot)
 88058 | Zot:2    | Received a gift from Okawaru
 88096 | Zot:2    | Noticed an orb of fire
 88110 | Zot:2    | Killed an orb of fire
 88190 | Zot:2    | Noticed an orb of fire
 88211 | Zot:2    | Killed an orb of fire
 88272 | Zot:2    | Noticed an orb of fire
 88284 | Zot:2    | Gained mutation: You are weak. (Str -2) [an orb of fire]
 88289 | Zot:2    | Killed an orb of fire
 88863 | Zot:2    | Reached XP level 25. HP: 250/250 MP: 36/36
 89786 | Zot:3    | Received a gift from Okawaru
 91558 | Zot:4    | Received a gift from Okawaru
 92762 | D:10     | Lost mutation: You are weak. (Str -2) [potion of mutation]
 92762 | D:10     | Lost mutation: You are dopey. (Int -2) [potion of mutation]
 92762 | D:10     | Gained mutation: You tend to lose your temper in combat.
                  | [potion of mutation]
 92762 | D:10     | Gained mutation: You have sharp toenails. [potion of
                  | mutation]
 92763 | D:10     | Lost mutation: You tend to lose your temper in combat.
                  | [potion of mutation]
 92763 | D:10     | Lost mutation: You have sharp toenails. [potion of
                  | mutation]
 92763 | D:10     | Gained mutation: You have hidden genetic potential. [potion
                  | of mutation]
 92763 | D:10     | Gained mutation: You have large cloven feet. [potion of
                  | mutation]
 92763 | D:10     | Gained mutation: You sometimes lose the ability to read
                  | scrolls when taking damage. [potion of mutation]
 92806 | D:10     | Lost mutation: You have large cloven feet. [potion of
                  | mutation]
 92806 | D:10     | Lost mutation: You sometimes lose the ability to read
                  | scrolls when taking damage. [potion of mutation]
 92806 | D:10     | Lost mutation: You have hidden genetic potential. [potion
                  | of mutation]
 92806 | D:10     | Gained mutation: You are robust. (+10% HP) [potion of
                  | mutation]
 92806 | D:10     | Gained mutation: You expend magic power (3 MP) to
                  | strengthen your wands. [potion of mutation]
 93029 | Slime:1  | Entered Level 1 of the Pits of Slime
 93145 | Slime:1  | Received a gift from Okawaru
 93586 | Slime:3  | Received a gift from Okawaru
 93780 | Slime:5  | Entered Level 5 of the Pits of Slime
 94009 | Slime:5  | Gained mutation: You tend to lose your temper in combat. [a
                  | shining eye]
 94014 | Slime:5  | Received a gift from Okawaru
 94166 | D:10     | Lost mutation: You are robust. (+10% HP) [potion of
                  | mutation]
 94166 | D:10     | Lost mutation: You expend magic power (3 MP) to strengthen
                  | your wands. [potion of mutation]
 94166 | D:10     | Gained mutation: You are partially covered in iridescent
                  | scales. (AC +2) [potion of mutation]
 94166 | D:10     | Gained mutation: Your skin changes colour to match your
                  | surroundings (Stealth+). [potion of mutation]
 94167 | D:10     | Lost mutation: Your skin changes colour to match your
                  | surroundings (Stealth+). [potion of mutation]
 94167 | D:10     | Lost mutation: You tend to lose your temper in combat.
                  | [potion of mutation]
 94167 | D:10     | Lost mutation: You are partially covered in iridescent
                  | scales. (AC +2) [potion of mutation]
 94167 | D:10     | Gained mutation: You are dopey. (Int -2) [potion of
                  | mutation]
 94167 | D:10     | Gained mutation: Your magical capacity is low. (-10% MP)
                  | [potion of mutation]
 94167 | D:10     | Gained mutation: You have a pair of large horns on your
                  | head. [potion of mutation]
 94168 | D:10     | Lost mutation: You have a pair of large horns on your head.
                  | [potion of mutation]
 94168 | D:10     | Lost mutation: Your magical capacity is low. (-10% MP)
                  | [potion of mutation]
 94168 | D:10     | Lost mutation: You are dopey. (Int -2) [potion of mutation]
 94168 | D:10     | Gained mutation: You have a pair of large horns on your
                  | head. [potion of mutation]
 94375 | Slime:5  | Noticed the Royal Jelly
 94429 | Slime:5  | Killed the Royal Jelly
 94805 | Slime:5  | Gained mutation: Your body sometimes deteriorates upon
                  | taking damage. [a shining eye]
 95284 | Slime:5  | Identified the +0 pair of gloves "Oxovvir" {rPois rC+}
 95315 | Slime:5  | Identified the +10 short sword "Dutoyssenk" {venom, rF+}
 95370 | Slime:5  | Got a slimy rune of Zot
 95389 | Slime:5  | Identified the +10 short sword "Gatt" {pain, rElec}
 95403 | Slime:5  | Identified the +8 battleaxe of the End of Times {flame,
                  | Will+ Dex+3 SInv Stlth-}
 95667 | Temple   | Fell from the grace of Okawaru
 95667 | Temple   | Became a worshipper of the Shining One
 95984 | Crypt:1  | Entered Level 1 of the Crypt
 96005 | Crypt:1  | Found the +7 Singing Sword {vorpal, sonic wave}
 96255 | Crypt:1  | Reached * piety under the Shining One
 96751 | Crypt:1  | Noticed Jory
 96751 | Crypt:1  | Reached ** piety under the Shining One
 96761 | Crypt:1  | Killed Jory
 97616 | Crypt:2  | Reached *** piety under the Shining One
 98181 | Crypt:2  | Reached **** piety under the Shining One
 98293 | Crypt:2  | Reached ***** piety under the Shining One
 98765 | Crypt:3  | Entered Level 3 of the Crypt
 98915 | Crypt:3  | Noticed Mennas
 98929 | Crypt:3  | Killed Mennas
 99090 | Crypt:3  | Reached ****** piety under the Shining One
 99111 | Crypt:3  | Reached XP level 26. HP: 248/264 MP: 36/36
 99119 | Crypt:3  | Identified a +9 longbow of holy wrath (a +7 longbow of
                  | flaming blessed by the Shining One)
 99119 | Crypt:3  | Received a gift from the Shining One
 99635 | Crypt:3  | Found a basalt altar of Yredelemnul.
 99846 | Crypt:3  | Identified the ring of Grace {Dex+7 SInv}
 99925 | Crypt:3  | Identified the +3 short sword of Tension {flame, rPois rC+
                  | Str+3 Int-3}
100987 | Crypt:3  | Found a staircase to the Tomb.
101814 | Depths:3 | Voluntarily entered the Abyss.
102446 | Abyss:4  | Paralysed by a great orb of eyes for 6 turns
102528 | Abyss:4  | Gained mutation: Potions are less effective at restoring
                  | your health. [a neqoxec]
102529 | Abyss:4  | Gained mutation: Your magical capacity is low. (-10% MP) [a
                  | neqoxec]
102584 | Depths:3 | Escaped the Abyss
102936 | D:10     | Lost mutation: Your body sometimes deteriorates upon taking
                  | damage. [potion of mutation]
102936 | D:10     | Lost mutation: Potions are less effective at restoring your
                  | health. [potion of mutation]
102936 | D:10     | Gained mutation: A frigid envelope surrounds you and
                  | freezes all who hurt you. [potion of mutation]
103140 | Temple   | Fell from the grace of the Shining One
103140 | Temple   | Became a worshipper of Zin the Law-Giver
103140 | Temple   | Reached * piety under Zin
103140 | Temple   | Reached ** piety under Zin
103140 | Temple   | Reached *** piety under Zin
103140 | Temple   | Reached **** piety under Zin
103141 | Temple   | Donated 4077 gold pieces to Zin
103203 | D:9      | Reached ***** piety under Zin
103334 | Shoals:2 | Bought the amulet of Voraohu {rN+ Regen+} for 535 gold
                  | pieces
103521 | D:14     | Reached ****** piety under Zin
103586 | D:10     | Lost mutation: A frigid envelope surrounds you and freezes
                  | all who hurt you. [potion of mutation]
103586 | D:10     | Lost mutation: You have a pair of large horns on your head.
                  | [potion of mutation]
104059 | Hell     | Entered the Vestibule of Hell
104059 | Hell     | Noticed Murray
104059 | Hell     | Noticed Geryon
104084 | Depths:1 | Killed Murray
104829 | Hell     | Killed Geryon
104835 | Hell     | Found a gateway to the ashen valley of Gehenna.
105574 | Hell     | Found a gateway to the decaying netherworld of Tartarus.
105643 | Hell     | Found a gateway to the freezing wastes of Cocytus.
105723 | Hell     | Found a gateway to the Iron City of Dis.
106176 | Depths:3 | Voluntarily entered the Abyss.
106199 | Abyss:1  | Found a corrupted altar of Lugonu.
106475 | Abyss:4  | Found a corrupted altar of Lugonu.
106950 | Abyss:5  | Entered Level 5 of the Abyss
107276 | Abyss:5  | Found a corrupted altar of Lugonu.
107345 | Abyss:5  | Found a corrupted altar of Lugonu.
107362 | Abyss:5  | Reached XP level 27. HP: 131/269 MP: 32/32
107362 | Abyss:5  | Got an abyssal rune of Zot
107393 | Depths:3 | Escaped the Abyss
107520 | Pan      | Entered Pandemonium
107692 | Pan      | Noticed Hihe Ocy the pandemonium lord
107697 | Pan      | Killed Hihe Ocy the pandemonium lord
108567 | Pan      | Donated 1880 gold pieces to Zin
108667 | Pan      | Noticed Vixath the pandemonium lord
108681 | Pan      | Killed Vixath the pandemonium lord
108764 | Pan      | HP: 8/270 [reaper/+5 scythe of flaming (30)]
109291 | Pan      | Got a demonic rune of Zot
109400 | Pan      | Was forgiven by Okawaru
110110 | Pan      | Noticed Xihetuoc the pandemonium lord
110118 | Pan      | Killed Xihetuoc the pandemonium lord
110908 | Pan      | Noticed Ycuschac the pandemonium lord
110929 | Pan      | Killed Ycuschac the pandemonium lord
111442 | Pan      | Identified the +2 leather armour of Classification {Contam
                  | +Inv Slay+3}
111684 | Pan      | Noticed Bodag the pandemonium lord
111694 | Pan      | Killed Bodag the pandemonium lord
112083 | Pan      | Reached skill level 27 in Fighting
112540 | Pan      | Noticed Heuneuwk the pandemonium lord
112561 | Pan      | Killed Heuneuwk the pandemonium lord
113018 | Pan      | Entered the realm of Mnoleg.
114028 | Pan      | Noticed Mnoleg
114041 | Pan      | Killed Mnoleg
114157 | Pan      | Got a glowing rune of Zot
114185 | Pan      | Identified the amulet "Enem" {Reflect Rampage Will+ SH+5}
114423 | Pan      | Entered the realm of Gloorx Vloq.
114609 | Pan      | Noticed Gloorx Vloq
114625 | Pan      | Killed Gloorx Vloq
114865 | Pan      | Got a dark rune of Zot
115579 | Pan      | Found a transporter.
115860 | Pan      | Found a transporter.
116525 | Pan      | Paralysed by accursed screaming for 1 turns
116832 | Pan      | Identified the ring "Olutsaf" {rC+ EV+4 Str+4}
116866 | Pan      | Identified the ring of Lodirhi {Will+ Str+6}
116889 | Pan      | Entered the realm of Lom Lobon.
117020 | Pan      | Found an exit through the horrors of the Abyss.
117612 | Pan      | Reached skill level 27 in Dodging
117983 | Pan      | Noticed Lom Lobon
118008 | Pan      | Killed Lom Lobon
118097 | Pan      | Got a magical rune of Zot
118502 | Pan      | Noticed Biurph the pandemonium lord
118521 | Pan      | Killed Biurph the pandemonium lord
119149 | Pan      | Entered the realm of Cerebov.
119454 | Pan      | Found an exit through the horrors of the Abyss.
119484 | Pan      | Found the +6 sword of Cerebov {flame}
119484 | Pan      | Noticed Cerebov
120220 | Pan      | Killed Cerebov
120237 | Pan      | Identified the +0 kite shield of the Marlin {rN+ Dex+3}
120264 | Pan      | Identified the +8 shortbow "Viusopaj" {venom, rPois}
120333 | Pan      | Identified the +2 buckler of Efaghu {rC++ rCorr}
120410 | Pan      | Identified the +10 hunting sling of Grandeur {venom, rElec}
120467 | Pan      | Got a fiery rune of Zot
120660 | Depths:1 | Escaped Pandemonium
120811 | D:10     | Lost mutation: Your magical capacity is low. (-10% MP)
                  | [potion of mutation]
121013 | Geh:1    | Entered Level 1 of Gehenna
121740 | Geh:2    | Found a runed translucent gate.
121740 | Geh:2    | Found a runed translucent gate.
121740 | Geh:2    | Found a runed translucent gate.
121740 | Geh:2    | Found a runed translucent gate.
121740 | Geh:2    | Found a runed translucent gate.
121740 | Geh:2    | Found a runed translucent gate.
121740 | Geh:2    | Found a runed translucent gate.
121741 | Geh:2    | Found a runed translucent gate.
121741 | Geh:2    | Found a runed translucent gate.
121742 | Geh:2    | Found a runed translucent gate.
121742 | Geh:2    | Found a runed translucent gate.
121742 | Geh:2    | Found a runed translucent gate.
122340 | Geh:4    | You fall into a shaft and drop 2 floors!
122340 | Geh:6    | Noticed a juggernaut
122358 | Geh:6    | Killed a juggernaut
122359 | Geh:6    | Reached skill level 27 in Armour
122417 | Geh:6    | Noticed a juggernaut
122422 | Geh:6    | Killed a juggernaut
122424 | Geh:6    | Noticed a juggernaut
122447 | Geh:6    | Killed a juggernaut
122563 | Geh:7    | Entered Level 7 of Gehenna
123268 | Pan      | Entered Pandemonium
123488 | Pan      | Reached skill level 27 in Invocations
123930 | Pan      | Reached skill level 1 in Stealth
123940 | Pan      | Noticed Xophaeco the pandemonium lord
123945 | Pan      | Killed Xophaeco the pandemonium lord
124159 | Pan      | Found an exit through the horrors of the Abyss.
124598 | Pan      | Took an exit into the Abyss.
124598 | Abyss:1  | Escaped into the Abyss
124628 | Depths:1 | Escaped the Abyss
124998 | Geh:5    | Reached skill level 5 in Stealth
125680 | Pan      | Entered Pandemonium
125680 | Pan      | Noticed Haihaffy the pandemonium lord
125690 | Pan      | Cast into level 4 of the Abyss (Haihaffy)
125816 | Pan      | Escaped the Abyss
125824 | Pan      | Reached skill level 15 in Evocations
125824 | Pan      | Killed Haihaffy the pandemonium lord
125990 | Pan      | Found an exit through the horrors of the Abyss.
126118 | Pan      | Identified the +1 chain mail "Zopeergh" {rC+}
126667 | Pan      | Found an exit through the horrors of the Abyss.
127005 | Depths:1 | Escaped Pandemonium
127491 | Geh:7    | Reached skill level 10 in Stealth
127675 | Geh:7    | Identified the +9 flail "Zistud Xuyrph" {flame, *Noise rC+
                  | Str+3 Dex+2}
127681 | Geh:7    | Identified the +9 longbow "Duklouf" {vorpal, rN+ Stlth+}
127796 | Geh:7    | Identified the +4 short sword of Twilight {elec, rF+ Str+2
                  | Dex+5 Stlth-}
127931 | Geh:7    | Found the +7 sceptre of Asmodeus
127931 | Geh:7    | Noticed Asmodeus
127954 | Geh:7    | Killed Asmodeus
128032 | Geh:7    | Got an obsidian rune of Zot
128424 | Dis:1    | Entered Level 1 of the Iron City of Dis
128660 | Dis:5    | You fall into a shaft and drop 1 floor!
128793 | Dis:7    | Entered Level 7 of the Iron City of Dis
129858 | Dis:7    | Identified the amulet "Lecs" {Acrobat rC+}
130402 | Dis:7    | Noticed a juggernaut
130422 | Dis:7    | Killed a juggernaut
130562 | Dis:7    | Identified the +3 dagger "Tareqeva" {vorpal, rC+}
130679 | Dis:7    | Noticed the Serpent of Hell
130683 | Dis:7    | Noticed a juggernaut
130701 | Dis:7    | Killed a juggernaut
130705 | Dis:7    | Noticed a juggernaut
130724 | Dis:7    | Killed the Serpent of Hell
130725 | Dis:7    | Reached skill level 15 in Stealth
131007 | Dis:7    | Killed a juggernaut
131858 | Pan      | Entered Pandemonium
132030 | Pan      | Found an exit through the horrors of the Abyss.
132086 | Pan      | Noticed Weptimel the pandemonium lord
132099 | Pan      | Killed Weptimel the pandemonium lord
132983 | Pan      | Noticed Baoshrao the pandemonium lord
132988 | Pan      | Killed Baoshrao the pandemonium lord
133389 | Pan      | Found a runed translucent door.
134130 | Pan      | Found an exit through the horrors of the Abyss.
134396 | Depths:2 | Escaped Pandemonium
134743 | Pan      | Entered Pandemonium
134754 | Pan      | Found an exit through the horrors of the Abyss.
135555 | Pan      | Noticed Ryaqid the pandemonium lord
135567 | Pan      | Killed Ryaqid the pandemonium lord
135989 | Depths:2 | Escaped Pandemonium
136311 | Dis:7    | Found the +4 staff of Dispater
136311 | Dis:7    | Noticed Dispater
136330 | Dis:7    | Killed Dispater
136360 | Dis:7    | Got an iron rune of Zot
136521 | Coc:1    | Entered Level 1 of Cocytus
136636 | Coc:1    | Paralysed by a wendigo for 1 turns
136841 | Coc:3    | Paralysed by a wendigo for 1 turns
137398 | Hell     | Donated 3091 gold pieces to Zin
137823 | Hell     | Paralysed by a wendigo for 1 turns
137880 | Hell     | Found a gateway to the Iron City of Dis.
137947 | Hell     | Found a gateway to the ashen valley of Gehenna.
138012 | Hell     | Found a gateway to the decaying netherworld of Tartarus.
138277 | Coc:5    | You are sucked into a shaft and drop 1 floor!
138787 | Coc:7    | Entered Level 7 of Cocytus
138788 | Coc:7    | Paralysed by a wendigo for 1 turns
138814 | Coc:7    | Noticed an ancient lich
138839 | Coc:7    | Noticed an ancient lich
138841 | Coc:7    | Paralysed by a wendigo for 1 turns
138841 | Coc:7    | HP: 11/273 [wendigo/stunning burst (6)]
138841 | Coc:7    | Killed from afar by a shard shrike

Illustrated notes

Levels and vault maps discovered:
D:1:      arrival_aquarium_b, layout_basic, ebering_ecumenical_altar_webs,
          minmay_crystal_room, minmay_split_cup_large
D:2:      layout_basic, corexii_leaking_fountain
D:3:      layout_basic, mainiacjoe_overflow_boulevard, uniq_crazy_yiuf_cottage
D:4:      layout_basic
D:5:      layout_basic, portal_sewer_entry_e
D:6:      layout_basic
D:7:      layout_loops_ring, nicolae_kikubaaqudgha_miasma_corner,
          minmay_temple_entry_junction_2, minmay_parallelograms,
          roderic_batcave, abandoned_shop, minmay_ruffians
D:8:      layout_basic, the_hattery
D:9:      layout_cave_pods, marbit_many_paths, enter_bailey_2,
          doesnt_shop_hydraphobe
D:10:     layout_irregular_city, nemelex_spade_bored_becter, lair_entry_dummy,
          minmay_shattered_shrine
D:11:     minmay_the_grid_triangle_9x9_rhombus_full
          [minmay_the_grid_triangle_9x9_fully_insulated_deathbox,
          minmay_the_grid_triangle_9x9_flanged_cone,
          minmay_the_grid_triangle_9x9_zippers_vertical,
          minmay_the_grid_triangle_9x9_windchime,
          minmay_the_grid_triangle_9x9_from_above,
          minmay_the_grid_triangle_9x9_empty,
          minmay_the_grid_triangle_9x9_negative_grid,
          minmay_the_grid_triangle_9x9_prize_special], layout_basic,
          bh_walls_and_bars, uniq_harold
D:12:     layout_cave_pods, uniq_maurice
D:13:     layout_long_grid, uniq_jorgrun, uniq_sonja, uniq_urug
D:14:     layout_rooms, erik_vaults_1, lemuel_crystal_altar,
          minmay_misc_feat_square, uniq_azrael, uniq_agnes
D:15:     grunt_enter_depths_giant_problem, layout_loops_ring,
          hangedman_decor_clover_reticule, uniq_nessos
Temple:   hc_temple_tempest_star
Lair:1:   layout_roguey, grunt_megastairs_3
Lair:2:   layout_gridlike, minmay_snake_entry_spellcaster
Lair:3:   layout_long_grid, minmay_shoals_entry_hut
Lair:4:   layout_regular_city, nicolae_volcano_entry_vermiform, minivault_11,
          st_stairs_4, grunt_forest_large_clearings
Lair:5:   layout_layer_cave
Lair:6:   hangedman_lair_in_review, layout_misc_corridors, wormcave,
          slime_altar_1
Shoals:1: layout_shoals
Shoals:2: layout_shoals, serial_shops, shop
Shoals:3: layout_shoals, nicolae_shoals_lost_giant_temple
Shoals:4: shoals_end_simple, layout_shoals, shoals_ilsuiw_ice, uniq_polyphemus
Snake:1:  layout_honeycomb
Snake:2:  layout_grid_maze, special_room
Snake:3:  layout_grid_maze
Snake:4:  hellmonk_snake_rune_quicksilver_temple, layout_onion, serial_shops,
          shop, shop, nicolae_shop_advertising_works
          [nicolae_subvault_shop_adworks], nicolae_shop_bloodbath_and_beyond,
          serial_bayou_shore_a
Slime:1:  layout_caves, cheibrodos_slime_lost_civilization_5
Slime:2:  layout_caves
Slime:3:  layout_caves
Slime:4:  layout_caves
Slime:5
Orc:1:    layout_caves, mines4_lemuel
Orc:2:    grunt_orc_gardens, layout_caves, grunt_orc_garden, grunt_orc_garden,
          grunt_orc_garden, grunt_orc_garden, uniq_erolcha
Elf:1:    nicolae_elf_arrival_fired_up, layout_geoelf_octagon, serial_shops,
          nicolae_shop_hallway_stairs, minmay_elf_sorcery, drop_trap
Elf:2:    elven_hall_of_blades_hangedman_alternative
          [nicolae_blade_entry_diamond_columns], layout_gridlike, minivault_14
Elf:3:    minmay_elf_hall_hex, layout_gridlike, ebering_ghost_gozag,
          serial_shops, nicolae_lakefront_shop, einodemon_barbed_minivault
Vaults:1: v_misc_30, nicolae_vaults_stairing_the_circle,
          nicolae_vaults_little_squares_2, nicolae_vaults_little_squares_5,
          nicolae_vaults_angled_halls, nicolae_vaults_what_the_h,
          nicolae_vaults_mini_display_case, dpeg_vaults_monster_row,
          ontoclasm_vaults_gateway, nicolae_vaults_network_square,
          nicolae_vaults_holding_cells, layout_vaults_ring, serial_shops,
          nicolae_shop_statue_plus
Vaults:2: nicolae_vaults_network_quinsquares
          [nicolae_vaults_network_quincunx_subvault,
          nicolae_vaults_network_quincunx_subvault,
          nicolae_vaults_network_quincunx_subvault,
          nicolae_vaults_network_quincunx_subvault],
          ontoclasm_vaults_loading_screen, nicolae_vaults_network_quincunx
          [nicolae_vaults_network_quincunx_subvault,
          nicolae_vaults_network_quincunx_subvault,
          nicolae_vaults_network_quincunx_subvault,
          nicolae_vaults_network_quincunx_subvault,
          nicolae_vaults_network_quincunx_subvault], hangedman_vaults_unwind,
          v_misc_18, ontoclasm_vaults_ring_small, vaults_mumra_chevron,
          v_misc_32, v_misc_25, nicolae_vaults_yaktaur_gun_rack,
          hangedman_vaults_stretched_pinwheel, grunt_vaults_hallway_short,
          layout_vaults_omnicross, serial_shops, shop_statue, uniq_margery,
          uniq_asterion
Vaults:3: vaults_room_pool, ontoclasm_vaults_tryst, v_rooms_1,
          grunt_vaults_swirl, vaults_mumra_hex,
          nicolae_vaults_ring_of_whatevers, layout_vaults_omnigrid,
          serial_shops, shop
Vaults:4: serial_ice_m, hangedman_vaults_pinch, grunt_vaults_trifunnel,
          v_pattern_4, ontoclasm_vaults_loading_screen, grunt_vaults_twisty,
          ontoclasm_vaults_shuriken, hangedman_vaults_trim, v_misc_16,
          layout_vaults_big_room
Vaults:5: serial_shops, uniq_sojobo
Crypt:1:  layout_catacombs, uniq_jory
Crypt:2:  layout_gridlike
Crypt:3:  evilmike_haunted_forest, uniq_mennas
Depths:1: layout_long_grid, grunt_pan_entry_spiral, hell_entry,
          mu_enter_wizlab_5, minmay_misc_feat_enclosed, kennysheep_small_square,
          serial_bayou_shore_b, kennysheep_random_hallway
Depths:2: pf_snail_temple, layout_cave_shapes, enter_ziggurat_a, pan_entry,
          grunt_hell_entry_dis_old, nicolae_uskayaw_dance_hall,
          minmay_misc_feat_hallway, grunt_decor_fettered, nicolae_blasting_shop,
          kennysheep_generic_room_8
Depths:3: impenetrable_vault, layout_cave_pools, serial_sigils,
          serial_sigils_hangedman_carve, serial_sigils_hangedman_clutch,
          serial_sigils_hangedman_scratch, serial_sigils_hangedman_shear,
          serial_sigils_hangedman_snap, serial_sigils_hangedman_gut,
          fedhas_altar_fruit_tree, abyss_entry_flame_altar, hell_entry,
          chequers_serial_rivers_small_3, nzn_hepliaklqana_mist_gate
Depths:4: grunt_x_marks_the_spot, layout_twisted_cross, lightli_too_deep,
          minmay_misc_feat_room, abyss_entry, minmay_misc_feat_plants
Hell
Dis:1:    layout_gridville
Dis:2:    layout_jigsaw
Dis:3:    layout_subdivisions
Dis:4:    layout_overlapping_boxes
Dis:5:    layout_subdivisions, nicolae_dis_strange_trophy_room
Dis:6:    layout_subdivisions
Dis:7:    dis_grunt_layers
Geh:1:    layout_gehenna_pools_box
Geh:2:    layout_gehenna_pools_basic, nicolae_geh_backdraft
Geh:3:    layout_gehenna_lava_caves
Geh:4:    layout_gehenna_pools_box
Geh:5:    layout_gehenna_pools_triple, hangedman_elemental_grid_stream
Geh:6:    nicolae_hells_titanomachy
Geh:7:    evilmike_geh
Coc:1:    layout_ice_bergs
Coc:2:    layout_cocytus_water_paths
Coc:3:    layout_ice_bergs
Coc:4:    nicolae_coc_three_more_mouths, layout_ice_bergs
Coc:5:    layout_ice_bergs
Coc:6:    layout_cocytus_delve, nicolae_coc_wendigon
Coc:7:    coc_grunt
Zot:1:    layout_misc_corridors
Zot:2:    lemuel_firehouse, layout_cathedral_of_symmetry, st_stairs_3
Zot:3:    layout_onion, skrybe_zot_glass_3
Zot:4:    layout_gridlike

Skill      XL: |  1  2  3  4  5  6  7  8  9 10 11 12 13 14 15 16 17 18 19 20 21 22 23 24 25 26 27 |
---------------+----------------------------------------------------------------------------------+-----
Maces & Flails | 3 4 5 6 7 10 11 12 14 16 20 22 | 22.5
Fighting       | 4 5 6 7 8 9 10 12 13 14 15 17 18 19 20 21 22 25 26 27 | 27.0
Throwing       | 1 2 3 4 5 6 7 8 10 11 12 16 17 21 | 21.0
Invocations    | 3 6 8 10 11 12 13 14 15 16 17 18 20 21 27 | 27.0
Armour         | 5 6 8 10 11 12 14 15 16 17 18 19 20 21 27 | 27.0
Dodging        | 2 4 5 7 9 10 11 13 16 17 18 20 24 27 | 27.0
Shields        | 5 6 10 12 | 12.0
Evocations     | 4 5 10 12 13 19 | 19.4
Bows           | 10 16 20 21 | 21.1
Stealth        | 18 | 18.6

Action                   |  1- 3 |  4- 6 |  7- 9 | 10-12 | 13-15 | 16-18 | 19-21 | 22-24 | 25-27 || total
-------------------------+-------+-------+-------+-------+-------+-------+-------+-------+-------++-------
Melee: Flail             |    91 |   114 |   318 |   174 |       |   965 |   328 |       |       ||  1990
       Headbutt          |     9 |    16 |    48 |    97 |   330 |   457 |   101 |    30 |   814 ||  1902
       Morningstar       |       |       |       |   250 |  1295 |   762 |       |       |       ||  2307
       Dire flail        |       |       |       |       |       |       |    56 |    88 |       ||   144
       Great mace        |       |       |       |       |       |       |       |       |  2342 ||  2342
 Fire: Longbow           |       |       |       |       |       |       |  1269 |  1754 |  3623 ||  6646
Throw: Javelin           |       |       |     3 |    34 |    59 |   120 |    48 |    10 |    50 ||   324
       Dart              |       |       |     2 |     8 |    27 |    27 |     3 |       |       ||    67
       Boomerang         |       |       |     1 |    28 |    44 |   290 |   101 |       |   103 ||   567
Invok: Heroism           |       |       |     2 |    23 |    30 |    62 |    51 |    17 |     1 ||   186
       Finesse           |       |       |       |     9 |    12 |    17 |    16 |    11 |     1 ||    66
       Divine Shield     |       |       |       |       |       |       |       |       |     7 ||     7
       Summon Divine War |       |       |       |       |       |       |       |       |     1 ||     1
       Vitalisation      |       |       |       |       |       |       |       |       |   215 ||   215
       Cleansing Flame   |       |       |       |       |       |       |       |       |    14 ||    14
       Recite            |       |       |       |       |       |       |       |       |    24 ||    24
       Donate Gold       |       |       |       |       |       |       |       |       |     3 ||     3
       Brand Weapon With |       |       |       |       |       |       |       |       |     1 ||     1
       Sanctuary         |       |       |       |       |       |       |       |       |     7 ||     7
Evoke: Wand              |       |       |       |     8 |     1 |     9 |     2 |       |    10 ||    30
       Phantom mirror    |       |       |       |       |       |       |       |       |     1 ||     1
  Use: Potion            |       |     1 |     1 |       |     1 |     7 |     3 |     1 |    22 ||    36
       Scroll            |       |       |     4 |     3 |    10 |    18 |     6 |     8 |    50 ||    99
 Stab: Invisible         |       |       |       |       |     3 |     2 |     2 |       |     1 ||     8
       Sleeping          |       |       |       |       |       |       |     1 |       |       ||     1
       Confused          |       |       |       |       |       |       |       |       |    11 ||    11
       Distracted        |       |       |       |       |       |       |       |       |     1 ||     1
Armor: Scale mail        |     5 |       |       |    60 |    81 |       |       |       |       ||   146
       Ring mail         |    25 |    32 |   109 |    26 |       |   430 |   435 |   285 |    11 ||  1353
       Plate armour      |       |       |       |       |   461 |   280 |       |       |       ||   741
       Gold dragon scale |       |       |       |       |       |       |       |       |  1511 ||  1511
Dodge: Dodged            |    54 |    82 |   241 |   202 |   671 |   766 |   748 |   605 |  3992 ||  7361
Block: Buckler           |    22 |    19 |    72 |    68 |   284 |    99 |       |       |       ||   564
       Kite shield       |       |       |       |       |       |   769 |   185 |       |       ||   954
       Other             |       |       |       |       |       |       |       |       |    39 ||    39
